 Dungeon Crawl Stone Soup version 0.30-a0-956-gcec3b41aec (webtiles) character file.

Game seed: 8678199767457519274

4657 Lobster4 the Trooper (level 10, -5/73 HPs)
             Began as a Djinni Gladiator on Mar 30, 2023.
             Was a Believer of Makhleb.
             Slain by a wight
             ... wielding a +0 scimitar
              (12 damage)
             ... on level 8 of the Dungeon.
             The game lasted 00:38:57 (10278 turns).

Lobster4 the Trooper (Djinni Gladiator)            Turns: 10278, Time: 00:38:58

Health: -5/73      AC:  6    Str: 12    XL:     10   Next: 71%
Gold:   437        EV: 13    Int: 24    God:    Makhleb [**....] SH:  5 Dex: 14

rFire   + + .      SeeInvis .    a - +1 rapier (freeze)
rCold   x . .      Faith    .    j - +0 buckler
rNeg    . . .      Spirit   .    b - +0 leather armour
rPois   ∞          Reflect  .    c - +1 helmet
rElec   .          Rampage  .    (no cloak)
rCorr   .                        (no gloves)
Will    +....                    (boots unavailable)
Stlth   +                        (no amulet)
HPRegen 0.32/turn                q - +6 ring of intelligence
MPRegen 0.00/turn                (no ring)

@: flying, very slightly contaminated
A: sickness immunity, fire resistance 2, cold vulnerability 1, float, innate
caster, HP casting, extra vitality 1, clever 1
a: Renounce Religion, Minor Destruction


You were on level 8 of the Dungeon.
You worshipped Makhleb.
Makhleb was pleased with you.
You visited 2 branches of the dungeon, and saw 10 of its levels.
You also visited: Sewer.

You collected 515 gold pieces.
You spent 78 gold pieces at shops.

Inventory:

Hand Weapons
 a - a +1 rapier of freezing (weapon)
 x - a +0 sling
 D - a +5 falchion
 F - a +2 short sword
Missiles
 e - 5 javelins (quivered)
 f - 115 stones
 i - 32 poisoned darts
 t - a curare-tipped dart
 y - 3 atropa-tipped darts
Armour
 b - a +0 leather armour (worn)
 c - a +1 helmet (worn)
 j - a +0 buckler (worn)
 m - a +0 leather armour
Jewellery
 k - a ring of protection from fire
 q - a +6 ring of intelligence (left hand)
Scrolls
 d - 5 scrolls of identify
 g - 3 scrolls of magic mapping
 h - a scroll of enchant armour
 v - a scroll of brand weapon
 w - 4 scrolls of teleportation
 E - a scroll of poison
 G - a scroll of amnesia {unknown}
Potions
 l - 3 potions of haste
 o - 2 potions of mutation
 p - a potion of brilliance
 r - a potion of curing
 s - a potion of might
 u - 3 potions of magic
 z - a potion of experience {unknown}
 A - 2 potions of invisibility
 B - 2 potions of resistance
 C - a potion of ambrosia {unknown}


   Skills:
 + Level 6.6 Fighting
 - Level 5.0 Short Blades
 - Level 4.0 Throwing
 - Level 6.0 Armour
 - Level 6.0 Dodging
 - Level 6.0 Shields
 + Level 4.5 Spellcasting
 - Level 3.0 Invocations


You knew the following spells:

 Your Spells              Type           Power      Damage    Failure   Level
a - Magic Dart            Conj           100%       1d8       2%          1
b - Momentum Strike       Conj/Tloc      54%        3d9       3%          2
c - Hailstorm             Conj/Ice       27%        3d7       7%          3
d - Inner Flame           Hex/Fire       27%        N/A       7%          3
Your spell library was empty.

Dungeon Overview and Level Annotations

Branches:
Dungeon (9/15)             Temple (1/1) D:5            Lair (0/5) D:8
  Sewer (visited)
    Orc: D:9-12

Altars:
Ashenzari
Cheibriados
Dithmenos
Elyvilon
Fedhas
Gozag
Hepliaklqana
Makhleb
Nemelex Xobeh
Okawaru
Qazlal
Ru
Trog
Uskayaw
Wu Jian
Yredelemnul
Zin
The Shining One

Shops:
D:5 *   D:7 (

Annotations:
D:4 exclusion: door
D:6 Maggie
D:7 exclusion: statue
D:8 exclusion: orange crystal statue
D:9 Joseph


Innate Abilities, Weirdness & Mutations

You are immune to sickness and miasma.
You are immune to poison.
Your flesh is very heat resistant. (rF++)
You are vulnerable to cold. (rC-)
You float through the air rather than walking.
You learn spells naturally, not from books.
Your magical power is your life essence.
You have superior vitality. (+4 MHP)
Your mind is acute. (Int +4, Str/Dex -1)


Message History

The magic dart hits the wight but does no damage.
The wight barely misses you. The wight hits you but does no damage.
Casting: Magic Dart (safe; 2% risk of failure)
Confirm with . or Enter, or press ? or * to list all spells.
Aiming: Magic Dart (safe; 2% risk of failure)
Press: ? - help, Shift-Dir - straight line, f/p - wight
Aim: a wight, wielding a +0 scimitar and wearing a +0 robe (100% to hit)
The magic dart hits the wight.
The wight is lightly damaged.
You block the wight's attack. x2
Casting: Magic Dart (safe; 2% risk of failure)
Confirm with . or Enter, or press ? or * to list all spells.
Aiming: Magic Dart (safe; 2% risk of failure)
Press: ? - help, Shift-Dir - straight line, f/p - wight
Aim: a wight, wielding a +0 scimitar and wearing a +0 robe (lightly damaged, 100% to hit)
You miscast Magic Dart.
You are very lightly contaminated with residual magic.
Nothing appears to happen.
The wight hits you with a +0 war axe. The wight barely misses you.
The wight closely misses you.
Casting: Magic Dart (safe; 2% risk of failure)
Confirm with . or Enter, or press ? or * to list all spells.
Aiming: Magic Dart (safe; 2% risk of failure)
Press: ? - help, Shift-Dir - straight line, f/p - wight
Aim: a wight, wielding a +0 scimitar and wearing a +0 robe (lightly damaged, 100% to hit)
You miscast Magic Dart.
Nothing appears to happen.
You are no longer robbed of momentum.
The wight hits you with a +0 war axe. The wight closely misses you.
The wight hits you from afar with a +0 halberd!
The wight barely misses you. The wight closely misses you.
The wight misses you.
You fly upwards.
Level annotation: exclusion: orange crystal statue
There is a stone staircase leading down here.
The wight attacks as you move away! The wight completely misses you.
The wight attacks as you move away! The wight hits you with a +0 war axe!
* * * LOW HITPOINT WARNING * * *
The wight attacks as you move away! The wight hits you with a +0 war axe!
* * * LOW HITPOINT WARNING * * *
The wight hits you with a +0 scimitar!
You die...

#############
#############
#......Y.<..[
#...........#
####.####.######
#.#########.#
#.....###.# #.#
#.###...^..##.#
#.#
##.............#
####.#
#<..@z.[....##.#
.....#
#.##.z>....###.#
######
#.####....##
#.###### #)#
#....# #.......
#.# ##.#.#
#.###.#. #####.#
#.#.# #.# #...
#.....#
#.#.####.#####.
##### ###.#####
#.#............
....###.....#
#.####.##......


You could see 2 wights.

Vanquished Creatures
  A two-headed ogre (D:8)
  3 wyverns (D:8)
  5 yaks (D:8)
  3 water moccasins
  2 sky beasts
  2 ice beasts (D:6)
  An ogre (D:4)
  A centaur (D:7)
  A phantom (D:7)
  7 kobold brigands
  A bullfrog (D:8)
  A gnoll sergeant (D:7)
  2 scorpions
  9 wights
  An electric eel (D:7)
  2 howler monkeys (D:8)
  3 lava snakes (D:8)
  3 hounds
  5 orc priests
  An iguana (D:4)
  2 sleepcaps
  3 orc wizards
  4 gnolls (D:7)
  6 adders
  A shadow imp (D:7)
  3 ufetubi
  18 orcs
  4 ball pythons
  8 endoplasms
  4 giant cockroaches
  5 goblins
  5 hobgoblins
  7 jackals (D:3)
  A quokka (D:4)
  7 bats
  2 frilled lizards
  37 kobolds
  4 rats
175 creatures vanquished.

Vanquished Creatures (others)
  A fungus (D:8)
  22 plants
23 creatures vanquished.

Grand Total: 198 creatures vanquished

Notes
Turn   | Place    | Note
-------+----------+-------------------------------------------
     0 | D:1      | Lobster4 the Djinni Gladiator began the quest for the Orb.
     0 | D:1      | Reached XP level 1. HP: 18/18 MP: 0/0
   255 | D:1      | Reached XP level 2. HP: 23/23 MP: 0/0
   824 | D:2      | Reached XP level 3. HP: 28/28 MP: 0/0
   824 | D:2      | Learned a level 1 spell: Magic Dart
  1495 | D:3      | Reached skill level 1 in Armour
  1495 | D:3      | Reached XP level 4. HP: 30/34 MP: 0/0
  1571 | D:3      | Reached skill level 1 in Shields
  2403 | D:3      | Reached skill level 1 in Spellcasting
  2403 | D:3      | Reached XP level 5. HP: 26/39 MP: 0/0
  2403 | D:3      | Learned a level 2 spell: Momentum Strike
  2897 | D:4      | Noticed an ogre
  2910 | D:4      | Killed an ogre
  2911 | D:4      | Reached XP level 6. HP: 45/45 MP: 0/0
  3013 | D:4      | Noticed a sky beast
  3272 | D:4      | Found an ornate altar of the Wu Jian Council.
  3445 | D:5      | Entered Level 5 of the Dungeon
  3706 | D:5      | Found a staircase to the Ecumenical Temple.
  3715 | Temple   | Entered the Ecumenical Temple
  3720 | Temple   | Became a worshipper of Makhleb the Destroyer
  3742 | D:5      | Reached XP level 7. HP: 48/50 MP: 0/0
  3742 | D:5      | Learned a level 3 spell: Hailstorm
  3899 | D:5      | Gained mutation: Potions are less effective at restoring
                  | your health. [potion of mutation]
  3899 | D:5      | Lost mutation: Potions are less effective at restoring your
                  | health. [potion of mutation]
  3899 | D:5      | Gained mutation: Your mind is acute. (Int +4, Str/Dex -1)
                  | [potion of mutation]
  4069 | D:5      | Found Dorim's General Store.
  4092 | D:5      | Bought 3 scrolls of noise for 39 gold pieces
  4092 | D:5      | Bought a scroll of teleportation for 39 gold pieces
  4552 | D:6      | Found a glowing drain.
  4570 | Sewer    | Entered a sewer
  4843 | Sewer    | Reached * piety under Makhleb
  5128 | D:6      | Reached XP level 8. HP: 25/58 MP: 0/0
  5649 | D:6      | Found a bloodstained altar of Trog.
  5757 | D:6      | Found a basalt altar of Yredelemnul.
  5867 | D:7      | Reached skill level 5 in Dodging
  6679 | D:7      | Found a glowing silver altar of Zin.
  6679 | D:7      | Found an opulent altar of Gozag.
  6679 | D:7      | Noticed Maggie
  6908 | D:7      | Found Kuveip's Weapon Boutique.
  7011 | D:7      | Reached XP level 9. HP: 44/63 MP: 0/0
  7011 | D:7      | Learned a level 3 spell: Inner Flame
  7348 | D:8      | Found a glowing golden altar of the Shining One.
  7786 | D:8      | Found a staircase to the Lair.
  8183 | D:8      | Reached ** piety under Makhleb
  8223 | D:8      | Reached skill level 5 in Fighting
  8240 | D:8      | Reached skill level 5 in Short Blades
  8245 | D:8      | Reached skill level 1 in Invocations
  8677 | D:8      | Noticed an orange crystal statue
  8744 | D:8      | Reached XP level 10. HP: 52/70 MP: 0/0
  8873 | D:8      | Reached skill level 5 in Shields
  8879 | D:8      | Reached skill level 5 in Armour
  9663 | D:8      | Found a white marble altar of Elyvilon.
 10042 | D:9      | Noticed Joseph
 10095 | D:9      | Noticed a two-headed ogre
 10115 | D:8      | Killed a two-headed ogre
 10278 | D:8      | Slain by a wight

Illustrated notes

Levels and vault maps discovered:
D:1:      minmay_arrival_open_corners, layout_basic
D:2:      layout_loops_cross
D:3:      layout_loops_corners
D:4:      minmay_clustersquares, layout_loops_ring, tgw_sif,
          mainiacjoe_overflow_six_doors_small
D:5:      layout_rooms, minmay_temple_entry_gardened_gates,
          nicolae_stop_n_shop_1
D:6:      layout_rooms, mainiacjoe_overflow_alcove_2, kennysheep_little_box,
          gup_sewer_entry_glass
D:7:      layout_basic, grunt_temple_overflow_gold_and_silver, vehumet_statue,
          serial_shops, nicolae_diamond_shop, kennysheep_dice, uniq_maggie
D:8:      layout_loops_ring, lemuel_tele_altar, elyvilon_altar_1,
          minmay_lair_entry_grove, disabler_island
D:9:      layout_cave_pools, nicolae_overflow_crystal_walls,
          amcnicky_altar_gilded, hiddenorc2_lemuel, kennysheep_diamond,
          uniq_joseph
Temple:   minmay_freezing_vapour_temple

Skill      XL: |  1  2  3  4  5  6  7  8  9 10 |
---------------+-------------------------------+-----
Armour         | 1 2 3 4 6 |  6.0
Shields        | 1 2 3 4 6 |  6.0
Throwing       | 2 3 4 |  4.0
Short Blades   | 3 4 5 |  5.0
Spellcasting   | 1 2 3 4 |  4.5
Dodging        | 4 5 6 |  6.0
Fighting       | 3 4 5 6 |  6.6
Invocations    | 1 3 |  3.0

Action                     |  1- 3 |  4- 6 |  7- 9 | 10-12 || total
---------------------------+-------+-------+-------+-------++-------
  Melee: Rapier            |    90 |   126 |   156 |    44 ||   416
   Fire: Sling             |       |       |    21 |       ||    21
  Throw: Javelin           |       |     4 |     6 |     2 ||    12
         Throwing net      |       |     1 |     3 |       ||     4
         Dart              |       |       |    10 |     5 ||    15
   Cast: Magic Dart        |     3 |    57 |   229 |    51 ||   340
         Momentum Strike   |       |     5 |    40 |     9 ||    54
         Hailstorm         |       |       |    20 |     8 ||    28
         Inner Flame       |       |       |     1 |     3 ||     4
    Use: Scroll            |     5 |     5 |     7 |     1 ||    18
         Potion            |       |       |     8 |     1 ||     9
   Stab: Sleeping          |       |     3 |       |       ||     3
 Armour: Leather armour    |    28 |    48 |    65 |    12 ||   153
         Skin              |       |       |    14 |       ||    14
  Dodge: Dodged            |    66 |    91 |   136 |    27 ||   320
  Block: Buckler           |       |       |    29 |    14 ||    43

Table legend: (Time is in decaauts)
 A = Elapsed time spent in this place.
 B = Non-inter-level travel time spent in this place.
 C = Inter-level travel time spent in this place.
 D = Time resting spent in this place.
 E = Time spent auto-exploring this place.
 F = Levels seen in this place.
 G = Mean time per level.
                   A        B        C        D        E       F      G
               +--------+--------+--------+--------+--------+-----+--------+
         Total |  10310 |   9804 |    506 |   2272 |   5288 |  11 |  937.3 |
       Dungeon |   9649 |   9143 |    506 |   2164 |   4995 |   9 | 1072.1 |
        Temple |    121 |    121 |      0 |    108 |      0 |   1 |  121.0 |
         Sewer |    540 |    540 |      0 |      0 |    293 |   1 |  540.0 |
               +--------+--------+--------+--------+--------+-----+--------+

Top non-repeatable levels by time:
     D:8: 2210 daAuts
     D:7: 1979 daAuts
     D:4: 1276 daAuts
     D:3: 996 daAuts
     D:6: 905 daAuts
     D:1: 796 daAuts
     D:5: 778 daAuts
     D:2: 654 daAuts
   Sewer: 540 daAuts
  Temple: 121 daAuts
     D:9: 52 daAuts
